 Dungeon Crawl Stone Soup version 0.28-a0-1613-gdaab1c2f9b (webtiles) character file.

Game seed: 10738839528091411660

28 cyrus the Ruffian (level 3, -4/31 HPs)
             Began as a Naga Transmuter on Jan 21, 2022.
             Was a Follower of Makhleb.
             Slain by a worm (9 damage)
             ... on level 2 of the Dungeon on Jan 22, 2022.
             The game lasted 00:07:42 (1590 turns).

cyrus the Ruffian (Naga Transmuter)                 Turns: 1590, Time: 00:07:43

Health: -4/31      AC:  4    Str: 14    XL:     3   Next: 12%
Magic:  6/6        EV:  7    Int: 13    God:    Makhleb [*.....]
Gold:   24         SH:  0    Dex: 11    Spells: 5/6 levels left

rFire   . . .      SeeInvis +   b - +0 short sword
rCold   . . .      Faith    .   (no shield)
rNeg    . . .      Spirit   .   j - +0 scale mail
rPois   +          Reflect  .   (no helmet)
rElec   .          Harm     .   (no cloak)
rCorr   .          Rampage  .   (no gloves)
Will    .....                   (no barding)
Stlth   ..........              (no amulet)
HPRegen 0.10/turn               h - ring of flight
MPRegen 0.10/turn               (no ring)

@: flying, very slow
A: AC +1, large, see invisible, deformed body, poison resistance, slowness 2,
spit poison 1, naga tail 1
a: Spit Poison, Renounce Religion


You were on level 2 of the Dungeon.
You worshipped Makhleb.
Makhleb was aware of your devotion.
You visited 1 branch of the dungeon, and saw 2 of its levels.

You collected 24 gold pieces.

Inventory:

Hand Weapons
 b - a +0 short sword (weapon)
Missiles
 c - 42 stones
 f - 27 arrows
Armour
 a - a +0 robe
 j - a +0 scale mail (worn)
Jewellery
 h - a ring of flight (left hand)
Wands
 i - a wand of mindburst (4)
Scrolls
 g - a scroll of immolation
Potions
 d - a potion of lignification {unknown}
 e - a potion of brilliance {unknown}


   Skills:
 + Level 1.0 Fighting
 + Level 0.4 Short Blades
 + Level 1.7 Dodging
 + Level 0.3 Stealth
 + Level 3.4 Unarmed Combat
 + Level 2.1 Spellcasting
 + Level 2.4 Transmutations


You had 5 spell levels left.
You knew the following spells:

 Your Spells              Type           Power      Damage    Failure   Level
a - Beastly Appendage     Tmut           14%        N/A       38%         1

Your spell library contained the following spells:

 Spells                   Type           Power      Damage    Failure   Level
 Wereblood                Tmut           7%         N/A       54%         2
 Passwall                 Tmut/Erth      3%         N/A       71%         2
 Slow                     Hex            4%         N/A       75%         1
 Ensorcelled Hibernation  Hex/Ice        2%         N/A       86%         2
 Spider Form              Tmut/Pois      4%         N/A       91%         3
 Confusing Touch          Hex            1%         N/A       98%         3
 Swiftness                Air            1%         N/A       98%         3
 Vampiric Draining        Necr           1%         2d6       98%         3
 Ice Form                 Ice/Tmut       4%         N/A       100%        4


Dungeon Overview and Level Annotations

Branches:
Dungeon (2/15)

Altars:
Makhleb


Innate Abilities, Weirdness & Mutations

Your serpentine skin is tough. (AC +1)
You have supernaturally acute eyesight. (SInv)
Armour fits poorly on your strangely shaped body.
Your system is resistant to poisons. (rPois)
You cover ground very slowly.
You can spit poison.
You have a snake-like lower body.


Message History

Makhleb accepts your kill.
You feel better.
You start resting.
HP restored.
A worm comes into view.
You hit the worm but do no damage. The worm bites you!
You hit the worm.
The worm is moderately wounded.
The worm barely misses you.
You hit the worm but do no damage.
The worm is moderately wounded.
You hit the worm.
The worm is moderately wounded.
The worm bites you!
You hit the worm.
The worm is heavily wounded.
The worm bites you.
You barely miss the worm.
The worm is moderately wounded.
You barely miss the worm.
The worm is moderately wounded.
The worm bites you but does no damage.
You hit the worm.
The worm is heavily wounded.
The worm closely misses you.
You hit the worm.
The worm is severely wounded.
You barely miss the worm.
The worm is severely wounded.
The worm bites you!
* * * LOW HITPOINT WARNING * * *
You hit the worm. You punch the worm.
The worm is almost dead.
You hit the worm but do no damage.
The worm is almost dead.
The worm bites you but does no damage.
You barely miss the worm.
The worm is almost dead.
The worm bites you!
You die...

#......### #.#####.#
#.###+## #...
#.###.###### #... #
#..........# #... #.
#.###.####.# #...
#.#.#...## #.##...###...
#.....♣.P# #............
##..#.♣÷## #..#....+#...
#....#@# #....#.....##
......w...##+.#....#...#
###.>###..........#...#..
##.# #..............#.#
#.# #.......#...._...#
#.# #.......#........#
#.......##....#..#
##.###..#.........
#......##..#.#


You could see a worm.

Vanquished Creatures
  An adder (D:2)
  2 worms (D:2)
  A bat (D:2)
  2 endoplasms (D:1)
  A goblin (D:1)
  2 hobgoblins
  2 kobolds
  2 rats (D:1)
13 creatures vanquished.

Notes
Turn   | Place    | Note
-------+----------+-------------------------------------------
     0 | D:1      | cyrus the Naga Transmuter began the quest for the Orb.
     0 | D:1      | Reached XP level 1. HP: 18/18 MP: 3/3
   799 | D:1      | Reached XP level 2. HP: 22/25 MP: 5/5
  1031 | D:1      | You fall into a shaft and drop 1 floor!
  1031 | D:2      | Found a faded altar of an unknown god.
  1054 | D:2      | Prayed at the altar of an unknown god.
  1054 | D:2      | Became a worshipper of Makhleb the Destroyer
  1054 | D:2      | Reached * piety under Makhleb
  1327 | D:2      | Reached XP level 3. HP: 5/31 MP: 6/6
  1590 | D:2      | Slain by a worm

Illustrated notes

Levels and vault maps discovered:
D:1:      ncdulo_lavacross, layout_loops_corners, chequers_serial_rivers_micro_a
D:2:      layout_basic, serial_forest, infiniplex_forest_straight_5,
          infiniplex_forest_end_3, infiniplex_forest_lined_3,
          infiniplex_forest_clump_tiny, infiniplex_forest_clump_diagonal,
          infiniplex_forest_straight_2, infiniplex_forest_clump_small,
          infiniplex_forest_lined_room_2, hellmonk_ecumenical_altar_blasted,
          minmay_misc_feat_ornament, kennysheep_generic_room_2

Action                   || total
-------------------------++-------
Melee: Unarmed           ||    14
       Short sword       ||    65
       Punch             ||     1
 Cast: Beastly Appendage ||     1
Evoke: Wand              ||     1
Armor: Robe              ||     2
       Scale mail        ||    25
Dodge: Dodged            ||    29

Table legend: (Time is in decaauts)
 A = Elapsed time spent in this place.
 B = Non-inter-level travel time spent in this place.
 C = Inter-level travel time spent in this place.
 D = Time resting spent in this place.
 E = Time spent auto-exploring this place.
 F = Levels seen in this place.
 G = Mean time per level.
                   A        B        C        D        E       F      G
               +--------+--------+--------+--------+--------+-----+--------+
         Total |   1824 |   1824 |      0 |    775 |    660 |   2 |  912.0 |
       Dungeon |   1824 |   1824 |      0 |    775 |    660 |   2 |  912.0 |
               +--------+--------+--------+--------+--------+-----+--------+

Top non-repeatable levels by time:
     D:1: 1207 daAuts
     D:2: 617 daAuts
